PAAA
SALT LAKE CITY BUZZ @ BAKERSFIELD NOBLES
08/09/2020
 
TOP OF THE 1ST
Salt Lake City Buzz batting - Pitching for Bakersfield Nobles : LHP Bryan Houston
Pitching: LHP Bryan Houston
Batting: RHB Roberto Ríos 0-0: Called Strike
0-1: Called Strike
0-2: Fly out, F8 (Flyball, 8RM)
Batting: RHB Clint Anthony 0-0: Ball
1-0: Called Strike
1-1: Swinging Strike
1-2: Ball
2-2: Foul Ball, location: 2F
2-2: Ball
3-2: Foul Ball, location: 2F
3-2: Foul Ball, location: 2F
3-2: Foul Ball, location: 2F
3-2: Base on Balls
Batting: SHB Raymond Bright 0-0: Foul Ball, location: 2F
0-1: Ground out 5-3 (Groundball, 5S)
Clint Anthony to second
Batting: RHB Larry Brown 0-0: Ball
1-0: Fly out, F3 (Line Drive, 3S)
Top of the 1st over - 0 run(s), 0 hit(s), 0 error(s), 1 left on base; Salt Lake City 0 - Bakersfield 0
BOTTOM OF THE 1ST
Bakersfield Nobles batting - Pitching for Salt Lake City Buzz : RHP Jim Unknown
Pitching: RHP Jim Unknown
Batting: RHB Miguel Márquez 0-0: Ball
1-0: Called Strike
1-1: Ground out 5-3 (Groundball, 5S)
Batting: SHB Jon Jenkins 0-0: Foul Ball, location: 2F
0-1: Ball
1-1: Ball
2-1: Called Strike
2-2: Foul Ball, location: 2F
2-2: Ball
3-2: Base on Balls
Batting: RHB Jorge Gonzáles 0-0: Ball
1-0: Ball
Jon Jenkins steals 2nd base
2-0: Ball
3-0: Base on Balls
Batting: RHB Bob Heller 0-0: Foul Ball, location: 2F
0-1: SINGLE (Groundball, 6MD)
Jon Jenkins to third
Jorge Gonzáles to second
Runner from 3rd tries for Home, SAFE, no throw or cutoff
Batting: RHB Tamasaburo Kato 0-0: Ball
1-0: Ball
2-0: Ball
3-0: Called Strike
3-1: Base on Balls
Jorge Gonzáles to third
Bob Heller to second
Batting: LHB Emery Miller 0-0: Ball
1-0: Ball
2-0: Called Strike
2-1: Foul Ball, location: 2F
2-2: Ball
3-2: Base on Balls
Jorge Gonzáles scores
Bob Heller to third
Tamasaburo Kato to second
Batting: LHB Bartolo Benítez 0-0: Foul Ball, location: 2F
0-1: Called Strike
0-2: Ball
1-2: Foul Ball, location: 2F
1-2: Ball
2-2: Foul Ball, location: 2F
2-2: Ball
3-2: Base on Balls
Bob Heller scores
Tamasaburo Kato to third
Emery Miller to second
Batting: RHB Ron Gérard 0-0: Fly out, F5 (Popup, 56)
Batting: LHB Gustavo Cortéz 0-0: Ball
1-0: Swinging Strike
1-1: Ground out U3 (Groundball, 3S)
Bottom of the 1st over - 3 run(s), 1 hit(s), 0 error(s), 3 left on base; Salt Lake City 0 - Bakersfield 3
TOP OF THE 2ND
Salt Lake City Buzz batting - Pitching for Bakersfield Nobles : LHP Bryan Houston
Batting: LHB Martín Núñes 0-0: Ground out 3-1 (Groundball, 34S)
Batting: RHB Don MacNeilage 0-0: Called Strike
0-1: Ball
1-1: Fly out, F8 (Flyball, 8RXD)
Batting: RHB Jim Coffey 0-0: Called Strike
0-1: Ball
1-1: Foul Ball, location: 2F
1-2: Foul Ball, location: 2F
1-2: Strikes out looking
Top of the 2nd over - 0 run(s), 0 hit(s), 0 error(s), 0 left on base; Salt Lake City 0 - Bakersfield 3
BOTTOM OF THE 2ND
Bakersfield Nobles batting - Pitching for Salt Lake City Buzz : RHP Jim Unknown
Batting: RHB Miguel Márquez 0-0: Ball
1-0: Called Strike
1-1: Called Strike
1-2: Strikes out swinging
Batting: SHB Jon Jenkins 0-0: Ball
1-0: Swinging Strike
1-1: Ball
2-1: Fly out, F7 (Line Drive, 7M)
Batting: RHB Jorge Gonzáles 0-0: Ground out 4-3 (Groundball, 4M)
Bottom of the 2nd over - 0 run(s), 0 hit(s), 0 error(s), 0 left on base; Salt Lake City 0 - Bakersfield 3
TOP OF THE 3RD
Salt Lake City Buzz batting - Pitching for Bakersfield Nobles : LHP Bryan Houston
Batting: SHB Shelby Reusch 0-0: Called Strike
0-1: Called Strike
0-2: Ball
1-2: Ball
2-2: Strikes out looking
Batting: RHB Patrick Clark 0-0: Called Strike
0-1: Ground out 5-3 (Groundball, 56)
Batting: RHB Roberto Ríos 0-0: Fly out, F8 (Flyball, 8RS)
Top of the 3rd over - 0 run(s), 0 hit(s), 0 error(s), 0 left on base; Salt Lake City 0 - Bakersfield 3
BOTTOM OF THE 3RD
Bakersfield Nobles batting - Pitching for Salt Lake City Buzz : RHP Jim Unknown
Batting: RHB Bob Heller 0-0: Foul Ball, location: 2F
0-1: Ball
1-1: Ball
2-1: Ground out 5-3 (Groundball, 6S)
Batting: RHB Tamasaburo Kato 0-0: Ball
1-0: Called Strike
1-1: SINGLE (Line Drive, 78S)
Batting: LHB Emery Miller 0-0: Called Strike
0-1: Swinging Strike
0-2: Fly out, F9 (Flyball, 89D)
Batting: LHB Bartolo Benítez 0-0: Fly out, F5 (Popup, 5F)
Bottom of the 3rd over - 0 run(s), 1 hit(s), 0 error(s), 1 left on base; Salt Lake City 0 - Bakersfield 3
TOP OF THE 4TH
Salt Lake City Buzz batting - Pitching for Bakersfield Nobles : LHP Bryan Houston
Batting: RHB Clint Anthony 0-0: Foul Ball, location: 2F
0-1: Foul Ball, location: 2F
0-2: Strikes out swinging
Batting: SHB Raymond Bright 0-0: Ball
1-0: Called Strike
1-1: DOUBLE (Groundball, 5L)
Batting: RHB Larry Brown 0-0: Called Strike
0-1: Ball
1-1: Ball
2-1: Foul Ball, location: 2F
2-2: Fly out, F7 (Flyball, 78M)
Batting: LHB Martín Núñes 0-0: Called Strike
0-1: Swinging Strike
0-2: SINGLE (Line Drive, 78S)
Raymond Bright to third
Runner from 3rd tries for Home, SAFE, no throw or cutoff
Batting: RHB Don MacNeilage 0-0: Foul Ball, location: 2F
0-1: Swinging Strike
0-2: Ball
1-2: Foul Ball, location: 2F
1-2: Ball
2-2: Ball
3-2: Strikes out looking
Top of the 4th over - 1 run(s), 2 hit(s), 0 error(s), 1 left on base; Salt Lake City 1 - Bakersfield 3
BOTTOM OF THE 4TH
Bakersfield Nobles batting - Pitching for Salt Lake City Buzz : RHP Jim Unknown
Batting: RHB Ron Gérard 0-0: Called Strike
0-1: Ball
1-1: Foul Ball, location: 2F
1-2: SINGLE (Line Drive, 4MD)
Batting: LHB Gustavo Cortéz 0-0: Ball
1-0: Fly out, F9 (Line Drive, 9LD)
Batting: RHB Miguel Márquez 0-0: Called Strike
0-1: Called Strike
0-2: Ball
1-2: Ball
2-2: Foul Ball, location: 2F
2-2: Strikes out looking
Batting: SHB Jon Jenkins 0-0: DOUBLE (Line Drive, 9LS)
Ron Gérard to third
Runner from 3rd tries for Home, SAFE, no throw or cutoff
Batting: RHB Jorge Gonzáles 0-0: Ground out 6-3 (Groundball, 6)
Bottom of the 4th over - 1 run(s), 2 hit(s), 0 error(s), 1 left on base; Salt Lake City 1 - Bakersfield 4
TOP OF THE 5TH
Salt Lake City Buzz batting - Pitching for Bakersfield Nobles : LHP Bryan Houston
Batting: RHB Jim Coffey 0-0: Ball
1-0: Called Strike
1-1: Foul Ball, location: 2F
1-2: Foul Ball, location: 2F
1-2: Ball
2-2: SINGLE (Flyball, 6MD)
Batting: SHB Shelby Reusch 0-0: Sac Bunt - play at second, runner OUT! 1-6
Batting: RHB Patrick Clark 0-0: Ball
1-0: Called Strike
1-1: Called Strike
1-2: Grounds into double play, 6-4-3 (Groundball, 6)
Top of the 5th over - 0 run(s), 1 hit(s), 0 error(s), 0 left on base; Salt Lake City 1 - Bakersfield 4
BOTTOM OF THE 5TH
Bakersfield Nobles batting - Pitching for Salt Lake City Buzz : RHP Jim Unknown
Batting: RHB Bob Heller 0-0: Called Strike
0-1: Ball
1-1: Called Strike
1-2: SINGLE (Line Drive, 8LS)
Batting: RHB Tamasaburo Kato 0-0: Foul Ball, location: 2F
0-1: Swinging Strike
0-2: Strikes out swinging
Batting: LHB Emery Miller 0-0: Called Strike
0-1: Foul Ball, location: 2F
0-2: Ball
1-2: Ball
2-2: Fielders Choice at 2nd, 4-6 (Groundball, 4)
Batting: LHB Bartolo Benítez 0-0: Ball
1-0: Swinging Strike
1-1: Swinging Strike
1-2: Foul Ball, location: 2F
1-2: Ball
2-2: Fly out, F8 (Flyball, 8LXD)
Bottom of the 5th over - 0 run(s), 1 hit(s), 0 error(s), 1 left on base; Salt Lake City 1 - Bakersfield 4
TOP OF THE 6TH
Salt Lake City Buzz batting - Pitching for Bakersfield Nobles : LHP Bryan Houston
Batting: RHB Roberto Ríos 0-0: Foul Ball, location: 2F
0-1: SINGLE (Flyball, 9S)
Pitching: RHP Enrique Magana
Batting: RHB Clint Anthony 0-0: Ball
1-0: Grounds into double play, 6-4-3 (Groundball, 6)
Batting: SHB Raymond Bright 0-0: Ball
1-0: Ball
2-0: Ball
3-0: Base on Balls
Batting: RHB Larry Brown 0-0: Called Strike
0-1: Foul Ball, location: 2F
0-2: Fielders Choice at 2nd, 5-4 (Groundball, 56)
Top of the 6th over - 0 run(s), 1 hit(s), 0 error(s), 0 left on base; Salt Lake City 1 - Bakersfield 4
BOTTOM OF THE 6TH
Bakersfield Nobles batting - Pitching for Salt Lake City Buzz : RHP Jim Unknown
Batting: RHB Ron Gérard 0-0: Ground out 1-3 (Groundball, 15)
Batting: LHB Gustavo Cortéz 0-0: Called Strike
0-1: Ball
1-1: Swinging Strike
1-2: Foul Ball, location: 2F
1-2: Foul Ball, location: 2F
1-2: Strikes out swinging
Batting: RHB Miguel Márquez 0-0: Ball
1-0: Foul Ball, location: 2F
1-1: Swinging Strike
1-2: Ball
2-2: Fly out, F7 (Flyball, 78S)
Bottom of the 6th over - 0 run(s), 0 hit(s), 0 error(s), 0 left on base; Salt Lake City 1 - Bakersfield 4
TOP OF THE 7TH
Salt Lake City Buzz batting - Pitching for Bakersfield Nobles : RHP Enrique Magana
Batting: LHB Martín Núñes 0-0: Ball
1-0: Swinging Strike
1-1: Ball
2-1: Ground out U3 (Groundball, 3S)
Batting: RHB Don MacNeilage 0-0: Called Strike
0-1: Ball
1-1: Ball
2-1: Fly out, F9 (Flyball, 9D)
Batting: RHB Jim Coffey 0-0: Foul Ball, location: 2F
0-1: Called Strike
0-2: Strikes out looking
Top of the 7th over - 0 run(s), 0 hit(s), 0 error(s), 0 left on base; Salt Lake City 1 - Bakersfield 4
BOTTOM OF THE 7TH
Bakersfield Nobles batting - Pitching for Salt Lake City Buzz : RHP Jim Unknown
Batting: SHB Jon Jenkins 0-0: Called Strike
0-1: Foul Ball, location: 2F
0-2: Ball
1-2: Foul Ball, location: 2F
1-2: Strikes out swinging
Batting: RHB Jorge Gonzáles 0-0: Called Strike
0-1: SINGLE (Groundball, 5L)
Batting: RHB Bob Heller 0-0: SINGLE (Line Drive, 7LS)
Jorge Gonzáles to second
Batting: RHB Tamasaburo Kato 0-0: Ball
1-0: Ball
2-0: Ball
3-0: Base on Balls
Jorge Gonzáles to third
Bob Heller to second
Batting: LHB Emery Miller 0-0: SINGLE (Groundball, 4MD) (infield hit)
Jorge Gonzáles scores
Bob Heller to third
Tamasaburo Kato to second
Batting: LHB Bartolo Benítez 0-0: Ball
1-0: SINGLE (Line Drive, 4M)
Bob Heller scores
Tamasaburo Kato to third
Emery Miller to second
Pitching: RHP Eduardo Romero
Batting: RHB Ron Gérard 0-0: Called Strike
0-1: Foul Ball, location: 2F
0-2: Fly out, F8 (Line Drive, 8LM)
Runner from 3rd tags up, OUT at HOME
Bottom of the 7th over - 2 run(s), 4 hit(s), 0 error(s), 2 left on base; Salt Lake City 1 - Bakersfield 6
TOP OF THE 8TH
Salt Lake City Buzz batting - Pitching for Bakersfield Nobles : RHP Enrique Magana
Batting: SHB Shelby Reusch 0-0: Called Strike
0-1: Swinging Strike
0-2: Ball
1-2: Foul Ball, location: 2F
1-2: SINGLE (Groundball, 3S) (infield hit)
Batting: RHB Patrick Clark 0-0: Foul Ball, location: 2F
0-1: Ball
1-1: Grounds into double play, 5-4-3 (Groundball, 56)
Batting: RHB Roberto Ríos 0-0: Called Strike
0-1: Ground out 6-3 (Groundball, 56)
Top of the 8th over - 0 run(s), 1 hit(s), 0 error(s), 0 left on base; Salt Lake City 1 - Bakersfield 6
BOTTOM OF THE 8TH
Bakersfield Nobles batting - Pitching for Salt Lake City Buzz : RHP Eduardo Romero
Batting: LHB Gustavo Cortéz 0-0: Ball
1-0: Fly out, F8 (Flyball, 8LS)
Batting: RHB Miguel Márquez 0-0: Ball
1-0: Ball
2-0: SINGLE (Line Drive, 6M)
Batting: SHB Jon Jenkins 0-0: Ball
Miguel Márquez is caught stealing 2nd base
1-0: Ball
2-0: Called Strike
2-1: SINGLE (Groundball, 4MD)
Batting: RHB Jorge Gonzáles 0-0: Fly out, F8 (Flyball, 8RXD)
Bottom of the 8th over - 0 run(s), 2 hit(s), 0 error(s), 1 left on base; Salt Lake City 1 - Bakersfield 6
TOP OF THE 9TH
Salt Lake City Buzz batting - Pitching for Bakersfield Nobles : RHP Enrique Magana
Pitching: LHP Jim Unknown
Batting: RHB Clint Anthony 0-0: Foul Ball, location: 2F
0-1: Ball
1-1: Called Strike
1-2: Foul Ball, location: 2F
1-2: Ball
2-2: Fly out, F4 (Popup, 34)
Batting: SHB Raymond Bright 0-0: Ball
1-0: Called Strike
1-1: Foul Ball, location: 2F
1-2: Ball
2-2: Ball
3-2: Foul Ball, location: 2F
3-2: Foul Ball, location: 2F
3-2: Base on Balls
Batting: RHB Larry Brown 0-0: Foul Ball, location: 2F
0-1: Foul Ball, location: 2F
0-2: Ball
1-2: Strikes out swinging
Batting: LHB Martín Núñes 0-0: Ball
Passed Ball!
Raymond Bright to second
1-0: Ground out 4-3 (Groundball, 4MD)
Top of the 9th over - 0 run(s), 0 hit(s), 0 error(s), 1 left on base; Salt Lake City 1 - Bakersfield 6
This league is powered by Out of the Park Baseball, the baseball management simulation game for PC, Mac and Linux
Friday, October 23rd, 2015 - OOTP Baseball 16.9 Build 39